 Dungeon Crawl Stone Soup version 0.27.1 (webtiles) character file.

Game seed: 11339806865033733558

10591 Malachi the Cleaver (level 11, -6/95 HPs)
             Began as a Hill Orc Fighter on Aug 20, 2021.
             Was an Elder of Zin.
             Mangled by a freezing wraith (8 damage)
             ... on level 9 of the Dungeon.
             The game lasted 00:23:21 (15344 turns).

Malachi the Cleaver (Hill Orc Fighter)             Turns: 15344, Time: 00:23:22

Health: -6/95      AC: 17    Str: 23      XL:     11   Next: 64%
Magic:  20/20      EV:  4    Int:  2 (5)  God:    Zin [****..]
Gold:   513        SH:  9    Dex: 10      Spells: 10/10 levels left

rFire    + . .     SeeInvis .   a - +0 war axe
rCold    . . .     Faith    .   c - +0 kite shield
rNeg     . . .     Spirit   .   k - +0 plate armour
rPois    .         Reflect  .   m - +0 helmet
rElec    .         Harm     .   (no cloak)
rCorr    .         Rampage  .   p - +0 pair of gloves
Will     ++...     Rnd*Rage +   (no boots)
Stlth    ..........             E - necklace of Bloodlust {*Rage +Rage Will++ Int-3 Slay+6}
HPRegen  0.25/turn              f - ring of protection from fire
MPRegen  0.17/turn              A - +4 ring of protection

@: on recite cooldown, slowed, very slow
A: no striking features
a: Renounce Religion, Evoke Berserk Rage, Recite, Vitalisation, Imprison, Donate
Gold


You were on level 9 of the Dungeon.
You worshipped Zin.
Zin was greatly pleased with you.
You visited 3 branches of the dungeon, and saw 12 of its levels.

You collected 570 gold pieces.
You donated 57 gold pieces to Zin.

Inventory:

Hand Weapons
 a - a +0 war axe (weapon)
Missiles
 G - 3 throwing nets (quivered)
Armour
 c - a +0 kite shield (worn)
 k - a +0 plate armour (worn)
 m - a +0 helmet (worn)
 p - a +0 pair of gloves (worn)
 C - a scarf of shadows
Jewellery
 b - a +6 ring of dexterity
 e - a ring of positive energy
 f - a ring of protection from fire (left hand)
 n - a ring of flight
 o - a ring of magical power
 r - an amulet of reflection
 A - a +4 ring of protection (right hand)
 E - the necklace of Bloodlust (around neck) {*Rage +Rage Will++ Int-3 Slay+6}
   (You found it on level 8 of the Dungeon)

   [amulet of nothing]

   It extends the wearer's berserk rage when killing foes.
   Int:       It affects your intelligence (-3).
   Slay:      It affects your accuracy & damage with ranged weapons and melee
   (+6).
   +Rage:     It lets you go berserk.
   *Rage:     It may make you go berserk in combat.
   Will:      It greatly increases your willpower.
Wands
 d - a wand of iceblast (11)
 s - a wand of acid (9)
 t - a wand of mindburst (18)
 v - a wand of flame (27)
 y - a wand of paralysis (5)
Scrolls
 h - 2 scrolls of enchant armour
 i - 2 scrolls of magic mapping
 j - 6 scrolls of teleportation
 l - 2 scrolls of silence
 x - 3 scrolls of summoning
 B - 2 scrolls of identify
 I - a scroll of fog
 J - a scroll of amnesia
Potions
 g - a potion of mutation
 q - 3 potions of might
 u - 3 potions of brilliance
 w - a potion of flight
 z - a potion of haste
 H - a potion of heal wounds


   Skills:
 - Level 8.5 Fighting
 - Level 13.4(15.0) Axes
 - Level 9.9(12.1) Maces & Flails
 + Level 3.6 Armour
 + Level 3.6 Shields
 - Level 12.0 Invocations


You had 10 spell levels left.
You didn't know any spells.
Your spell library contained the following spells:

 Spells                   Type           Power      Damage    Failure   Level
 Shock                    Conj/Air       0%         1d3       100%        1
 Inner Flame              Hex/Fire       0%         N/A       100%        3
 Stone Arrow              Conj/Erth      0%         3d7       100%        3
 Swiftness                Air            0%         N/A       100%        3
 Airstrike                Air            0%         N/A       100%        4
 Cause Fear               Hex            0%         N/A       100%        4
 Dispel Undead            Necr           0%         3d6       100%        4
 Leda's Liquefaction      Hex/Erth       0%         N/A       100%        4
 Bolt of Magma            Conj/Fire/Erth 0%         4d4       100%        5
 Statue Form              Tmut/Erth      0%         N/A       100%        6
 Discord                  Hex            0%         N/A       100%        8
 Lehudib's Crystal Spear  Conj/Erth      0%         10d2      100%        8


Dungeon Overview and Level Annotations

Branches:
Dungeon (9/15)             Temple (1/1) D:5            Lair (2/6) D:8
  Swamp: Lair:2-4    Shoals: Lair:2-4     Snake: Lair:2-4    Spider: Lair:2-4
    Orc: D:9-12

Altars:
Ashenzari
Cheibriados
Dithmenos
Elyvilon
Fedhas
Gozag
Hepliaklqana
Kikubaaqudgha
Makhleb
Nemelex Xobeh
Okawaru
Qazlal
Ru
Sif Muna
Trog
Uskayaw
Vehumet
Wu Jian
Xom
Yredelemnul
Zin
The Shining One

Shops:
D:4 =[[


Message History

You barely miss the freezing wraith.
The freezing wraith is moderately damaged. "...were not pious!
And hearing this, the people rose up..."
The freezing wraith is limned with silver light.
You hear an angry buzzing noise. x2
The freezing wraith hits you but does no damage. x2
You hit the freezing wraith but do no damage.
The freezing wraith is moderately damaged. "...and embraced piety, for they feared Zin's wrath."
You finish reciting Anathema 2:40.
You hear an angry buzzing noise.
The freezing wraith hits you but does no damage. x2
You hit the freezing wraith.
The freezing wraith is moderately damaged.
The freezing wraith hits you.
* * * LOW HITPOINT WARNING * * *
The freezing wraith freezes you!
* * * LOW HITPOINT WARNING * * *
The freezing wraith hits you.
* * * LOW HITPOINT WARNING * * *
The freezing wraith drains your vigour!
You feel yourself slow down.
You feel much better.
A killer bee comes into view.
The freezing wraith hits you but does no damage. x2
The freezing wraith hits you. The freezing wraith freezes you!
* * * LOW HITPOINT WARNING * * *
The freezing wraith barely misses you.
The killer bee moves out of view.
You slash the freezing wraith!
The freezing wraith is heavily damaged.
The freezing wraith hits you.
* * * LOW HITPOINT WARNING * * *
The freezing wraith freezes you!!
* * * LOW HITPOINT WARNING * * *
You block the freezing wraith's attack.
You barely miss the freezing wraith.
The freezing wraith is heavily damaged.
A killer bee comes into view.
The freezing wraith completely misses you.
The freezing wraith barely misses you. The freezing wraith hits you!
You die...

#.......... #..........
#.......... #..........
#.......... #..........
. #.......... ...
#..@W......
.....##'############
............<.......
...........รทรทรท......
....................
######..............
................
.................
..................


You could see a freezing wraith (corona).

Vanquished Creatures
  Harold (D:8)
  A two-headed ogre (D:8)
  Pikel (D:8)
  4 cane toads
  Psyche (D:8)
  2 komodo dragons
  A polar bear (Lair:1)
  9 yaks
  A steam dragon (D:6)
  5 humans (D:6)
  Menkaure (D:6)
  The ghost of Malachi the Chiller, an amateur DsIE of Dithmenos (D:5)
  8 water moccasins
  3 sky beasts
  An ice beast (D:5)
  An ogre (D:4)
  3 orc warriors
  3 black bears (D:5)
  5 wolves (Lair:1)
  2 phantoms (D:4)
  2 centaurs (D:7)
  A lemure (D:8)
  A kobold brigand (D:8)
  A gnoll sergeant (D:8)
  7 bullfrogs
  4 scorpions
  A howler monkey (D:8)
  A centaur zombie (D:9)
  2 jellies
  2 gnoll shamans
  3 orc priests
  4 hounds
  A centaur skeleton (D:7)
  An iguana (D:5)
  5 orc wizards
  3 scorpion zombies (D:5)
  A killer bee zombie (D:6)
  Robin (D:2)
  15 gnolls
  A howler monkey zombie (D:6)
  6 adders
  3 shadow imps
  2 ufetubi
  A worm (D:3)
  3 dart slugs
  33 orcs
  3 bats
  10 endoplasms
  A giant cockroach (D:2)
  15 goblins
  11 hobgoblins
  11 kobolds
  9 quokkas
  6 ball pythons
  3 frilled lizards
  4 rats
232 creatures vanquished.

Vanquished Creatures (others)
  9 fungi
  37 plants
46 creatures vanquished.

Grand Total: 278 creatures vanquished

Notes
Turn   | Place    | Note
-------+----------+-------------------------------------------
     0 | D:1      | Malachi the Hill Orc Fighter began the quest for the Orb.
     0 | D:1      | Reached XP level 1. HP: 19/19 MP: 1/1
    38 | D:1      | Reached skill level 3 in Axes
   229 | D:1      | Reached XP level 2. HP: 24/26 MP: 2/2
   305 | D:1      | Found a faded altar of an unknown god.
   360 | D:1      | Reached skill level 4 in Axes
  1317 | D:2      | Reached XP level 3. HP: 23/31 MP: 3/3
  1515 | D:2      | Reached skill level 5 in Axes
  1868 | D:2      | Noticed Robin
  1879 | D:2      | Killed Robin
  1880 | D:2      | Reached XP level 4. HP: 29/39 MP: 4/4
  2002 | D:2      | Reached skill level 6 in Axes
  2067 | D:2      | Reached XP level 5. HP: 6/45 MP: 5/5
  3049 | D:3      | Reached skill level 7 in Axes
  3599 | D:4      | Noticed a phantom
  3612 | D:4      | Killed a phantom
  3613 | D:4      | Reached skill level 8 in Axes
  3613 | D:4      | Reached XP level 6. HP: 50/51 MP: 6/6
  3697 | D:4      | Reached skill level 9 in Axes
  3749 | D:4      | Reached XP level 7. HP: 16/57 MP: 7/7
  3944 | D:4      | Reached skill level 10 in Axes
  4300 | D:4      | Found Ruwiumuff's Armour Shoppe.
  4453 | D:4      | Found Ilimum's Antique Armour Shop.
  4469 | D:4      | Found Latsizili's Jewellery Shoppe.
  4566 | D:5      | Entered Level 5 of the Dungeon
  4875 | D:5      | Found a runed translucent door.
  4878 | D:5      | Noticed Malachi's ghost (amateur DsIE)
  4934 | D:5      | Reached skill level 11 in Axes
  5064 | D:5      | Reached XP level 8. HP: 34/64 MP: 8/8
  5105 | D:5      | Reached skill level 12 in Axes
  5620 | D:5      | Reached skill level 13 in Axes
  5811 | D:5      | Found a staircase to the Ecumenical Temple.
  5819 | Temple   | Entered the Ecumenical Temple
  6194 | Temple   | Became a worshipper of Zin the Law-Giver
  6194 | Temple   | Reached * piety under Zin
  6927 | D:5      | Killed Malachi's ghost
  6928 | D:5      | Reached XP level 9. HP: 17/70 MP: 9/12
  7282 | D:6      | Reached skill level 5 in Invocations
  7727 | D:6      | Reached ** piety under Zin
  7809 | D:6      | Noticed Menkaure
  8595 | D:6      | Reached skill level 10 in Invocations
  8872 | D:6      | Killed Menkaure
  9564 | D:7      | Reached XP level 10. HP: 30/77 MP: 18/18
  9846 | D:7      | Reached *** piety under Zin
 10452 | D:7      | Found a stormy altar of Qazlal.
 10744 | D:8      | Noticed Pikel
 10769 | D:8      | Noticed a two-headed ogre
 10792 | D:8      | Killed Pikel
 11254 | D:8      | Found the necklace of Bloodlust {*Rage +Rage Will++ Int-3
                  | Slay+6}
 11333 | D:8      | Reached **** piety under Zin
 11531 | D:8      | Noticed Harold
 11548 | D:8      | Killed Harold
 11549 | D:8      | Reached skill level 5 in Fighting
 11619 | D:8      | Killed a two-headed ogre
 11890 | D:8      | Noticed Psyche
 11898 | D:8      | Killed Psyche
 11943 | D:8      | Found a staircase to the Lair.
 11974 | Lair:1   | Entered Level 1 of the Lair of Beasts
 12376 | Lair:1   | Reached XP level 11. HP: 91/91 MP: 20/20
 15038 | Lair:2   | Got the Tome of Earthen Evil Arts
 15343 | D:9      | HP: 2/95 [freezing wraith (20)]
 15344 | D:9      | Mangled by a freezing wraith

Illustrated notes

Levels and vault maps discovered:
D:1:      doesnt_arrival_eight_statues, layout_loops_corners,
          shapermc_ecumenical_altar_acropolis, minmay_pentomino_v4
D:2:      layout_basic, minmay_surrounded, uniq_robin
D:3:      layout_basic
D:4:      layout_rooms, serial_shops, shop_statue, nicolae_shop_stone,
          nicolae_shop_behind_doors
D:5:      layout_cave_pods, minmay_temple_entry_ruins,
          hellmonk_ghost_happy_afterlife, minmay_joined_circles
D:6:      layout_basic, minmay_ruffians, uniq_menkaure
D:7:      layout_loops_ring, grunt_qazlal_sundering
D:8:      layout_loops_ring, lair_entry_dummy, fungi_pond_lemuel, uniq_pikel,
          uniq_psyche, uniq_harold
D:9:      layout_grid_maze, david_orc_3
Temple:   regret_index_temple_sigil_plot
Lair:1:   layout_long_grid, grunt_megastairs_5, lemuel_fruit_tree,
          infiniplex_staircase_pool
Lair:2:   layout_small_grid, serial_bayou, serial_bayou_pond_c,
          serial_bayou_lagoon_a, serial_bayou_crossing, serial_bayou_ford_a,
          st_stairs_4

Skill      XL: |  1  2  3  4  5  6  7  8  9 10 11 |
---------------+----------------------------------+-----
Axes           | 3 4 5 6 8 9 11 13 | 13.4
Invocations    | 4 11 12 | 12.0
Fighting       | 6 8 |  8.5
Maces & Flails | 7 9 |  9.9
Armour         | |  3.6
Shields        | |  3.6

Action                   |  1- 3 |  4- 6 |  7- 9 | 10-12 || total
-------------------------+-------+-------+-------+-------++-------
Melee: War axe           |   111 |   139 |   330 |   296 ||   876
Invok: Recite            |       |       |     5 |    10 ||    15
 Abil: Evoke Berserk Rag |       |       |       |     2 ||     2
  Use: Scroll            |     4 |     4 |     8 |     3 ||    19
       Potion            |       |     1 |     3 |     5 ||     9
 Stab: Invisible         |       |       |     1 |     1 ||     2
       Paralysed         |       |       |       |     1 ||     1
Armor: Scale mail        |    19 |       |       |       ||    19
       Chain mail        |    39 |    76 |   136 |       ||   251
       Plate armour      |       |       |    29 |   148 ||   177
Dodge: Dodged            |    26 |    38 |    58 |    38 ||   160
Block: Kite shield       |    66 |    79 |   146 |   145 ||   436
       Reflection        |       |       |       |     2 ||     2
